 Dungeon Crawl Stone Soup version 0.30-a0-715-gdb4ae3ece1 (webtiles) character file.

Game seed: 2420325733944215881

53 hikkokomori the Chiller (level 3, 0/27 HPs)
             Began as a Mummy Ice Elementalist on Jan 24, 2023.
             Constricted to death by Terence (1 damage)
             ... on level 2 of the Dungeon.
             The game lasted 00:02:40 (1137 turns).

hikkokomori the Chiller (Mummy Ice Elementalist)    Turns: 1137, Time: 00:02:40

Health: 0/27       AC:  9    Str: 11    XL:     3   Next: 62%
Magic:  1/8        EV:  9    Int: 16    God:
Gold:   73         SH:  0    Dex: 12    Spells: 2/9 levels left

rFire   x . .      SeeInvis .    c - +2 spear (heavy)
rCold   + . .      Faith    +    (no shield)
rNeg    + + +      Spirit   .    a - +0 robe
rPois   ∞          Reflect  .    (no helmet)
rElec   .          Harm     .    (no cloak)
rCorr   +          Rampage  .    g - +0 pair of gloves
Will    .....                    (no boots)
Stlth   ++                       (no amulet)
HPRegen 0.24/turn                b - ring of resist corrosion
MPRegen 0.11/turn                (no ring)

@: ice-armoured, grasped by roots, constricted
A: cold resistance 1, negative energy resistance 3, torment resistance 2, heat
vulnerability 1, in touch with death 1, no potions, faith
a: no special abilities


You were on level 2 of the Dungeon.
You visited 1 branch of the dungeon, and saw 2 of its levels.

You collected 73 gold pieces.

Inventory:

Hand Weapons
 c - a +2 heavy spear (weapon)
Missiles
 j - 5 datura-tipped darts
Armour
 a - a +0 robe (worn)
 g - a +0 pair of gloves (worn)
Jewellery
 b - a ring of resist corrosion (left hand)
Scrolls
 d - a scroll of magic mapping {unknown}
 e - 3 scrolls of blinking {unknown}
 f - a scroll of vulnerability {unknown}
 h - a scroll of identify {unknown}
 i - a scroll of teleportation {unknown}
 k - a scroll of torment {unknown}


   Skills:
 + Level 1.7 Fighting
 - Level 1.5 Dodging
 - Level 1.5 Stealth
 + Level 3.6 Spellcasting
 + Level 3.7 Ice Magic


You had 2 spell levels left.
You knew the following spells:

 Your Spells              Type           Power      Damage    Failure   Level
a - Freeze                Ice            56%        1d7       3%          1
b - Frozen Ramparts       Ice            28%        1d5       12%         3
c - Ozocubu's Armour      Ice            14%        N/A       12%         3

Your spell library contained the following spells:

 Spells                   Type           Power      Damage    Failure   Level
 Hailstorm                Conj/Ice       8%         3d4       24%         3
 Summon Ice Beast         Ice/Summ       8%         N/A       63%         4


Dungeon Overview and Level Annotations

Branches:
Dungeon (2/15)

Altars:

Annotations:
D:2 Terence


Innate Abilities, Weirdness & Mutations

You are immune to poison.
Your flesh is cold resistant. (rC+)
You are immune to negative energy. (rN+++)
You are immune to unholy pain and torment.
You are vulnerable to heat. (rF-)
You are in touch with the powers of death.
You do not drink.
You have a special connection with the divine. (Faith)


Message History

You freeze the ball python.
You kill the ball python!
Magic restored.
Terence is nearby!
Terence is nearby!
You aren't carrying any items that you can evoke.
No target in view!
Terence shouts!
You freeze Terence.
Terence is lightly wounded.
Terence barely misses you.
You freeze Terence.
Terence is lightly wounded.
Terence hits you with a +0 hand axe.
You hit Terence but do no damage.
Terence is lightly wounded.
Terence zaps a wand.
The roots erupt in riotous growth!
The grasping roots grab you!
Terence is unaffected.
The grasping roots constrict you.
You freeze Terence.
Terence is heavily wounded.
Terence hits you with a +0 hand axe. The grasping roots constrict you.
* * * LOW HITPOINT WARNING * * *
You are too injured to fight recklessly!
You are too injured to fight recklessly!
Casting: Freeze (safe; 3% risk of failure)
Confirm with . or Enter, or press ? or * to list all spells.
Aiming: Freeze (safe; 3% risk of failure)
Press: ? - help, Shift-Dir - straight line, f/p - Terence
Aim: Terence, wielding a +0 hand axe, wearing a +0 chain mail and carrying a wand of roots (7) (heavily wounded)
You freeze Terence.
Terence is heavily wounded.
Terence barely misses you. The grasping roots constrict you.
* * * LOW HITPOINT WARNING * * *
Casting: Freeze (safe; 3% risk of failure)
Confirm with . or Enter, or press ? or * to list all spells.
The spell is quite dangerous to miscast (12% risk of failure)!
Continue anyway?
A film of ice covers your body! Terence hits you but does no damage.
The grasping roots constrict you.
You die...

#.#.#####†###..##
#.#.#####........
#..#.......##..###
#####.#.######.#
..#
.†....#.######.#
..#
#######<........
.. ########.##.#
#.##@# #..@.#
#######..###
.........###### ##
########........
.#
..........######
.# ########.†# .#
#..# .# #..# .#
#..#


You could see Terence.

Vanquished Creatures
  2 adders (D:2)
  3 dart slugs
  5 ball pythons
  A bat (D:2)
  An endoplasm (D:2)
  2 giant cockroaches (D:1)
  A goblin (D:2)
  3 hobgoblins
  A quokka (D:1)
  5 frilled lizards
  4 kobolds
  A rat (D:2)
29 creatures vanquished.

Notes
Turn   | Place    | Note
-------+----------+-------------------------------------------
     0 | D:1      | hikkokomori the Mummy Ice Elementalist began the quest for
                  | the Orb.
     0 | D:1      | Reached XP level 1. HP: 13/13 MP: 4/4
   249 | D:1      | Reached XP level 2. HP: 20/20 MP: 6/6
   377 | D:1      | Reached skill level 1 in Fighting
   714 | D:2      | Gained mutation: You are in touch with the powers of death.
                  | [Mummy growth]
   714 | D:2      | Reached XP level 3. HP: 26/26 MP: 5/7
   718 | D:2      | Learned a level 3 spell: Frozen Ramparts
   722 | D:2      | Learned a level 3 spell: Ozocubu's Armour
   905 | D:2      | Noticed Terence
  1136 | D:2      | HP: 1/27 [constriction (4)]
  1137 | D:2      | Constricted to death by Terence

Illustrated notes

Levels and vault maps discovered:
D:1:      psy_arrival_terrarium, layout_loops_ring
D:2:      layout_loops_ring, minivault_14, uniq_terence

Skill      XL: |  1  2 |
---------------+-------+-----
Spellcasting   | 3 |  3.6
Fighting       | 1 |  1.7
Dodging        | |  1.5
Stealth        | |  1.5
Ice Magic      | |  3.7

Action                     || total
---------------------------++-------
  Melee: Spear             ||    49
         Punch             ||     1
   Cast: Freeze            ||    25
         Ozocubu's Armour  ||     1
   Stab: Sleeping          ||     1
 Armour: Robe              ||    11
  Dodge: Dodged            ||    51

Table legend: (Time is in decaauts)
 A = Elapsed time spent in this place.
 B = Non-inter-level travel time spent in this place.
 C = Inter-level travel time spent in this place.
 D = Time resting spent in this place.
 E = Time spent auto-exploring this place.
 F = Levels seen in this place.
 G = Mean time per level.
                   A        B        C        D        E       F      G
               +--------+--------+--------+--------+--------+-----+--------+
         Total |   1166 |   1159 |      7 |     38 |    861 |   2 |  583.0 |
       Dungeon |   1166 |   1159 |      7 |     38 |    861 |   2 |  583.0 |
               +--------+--------+--------+--------+--------+-----+--------+

Top non-repeatable levels by time:
     D:2: 597 daAuts
     D:1: 568 daAuts
